← All builds
Suicide front / Armada / Factory first / OBSERVED BUILD

Standard suicide front

Armada Suicide front build order · Supreme Isthmus

The role's baseline: Bot Lab at 0:21 then straight into reclaim-fed T1 bot production to contest the middle and hold until T2 arrives, with an Advanced Metal Extractor around 9:45.

#rush · 2013 distinct matches · 230 players · 72% of Armada Suicide front games · team won 59% of 2387 · Recently observed

HOW TO PLAY IT

Key timing: Bot Lab by 0:20

  1. Open with mex and lab-first to get Bot Lab up by 0:20.
  2. Expand mex and wind while lab pumps units toward middle.
  3. Push Sentry and early Rocketeer, Centurion to contest middle.
  4. Get T2 constructor out once Pond's boost lets you spare metal.
  5. Upgrade mex to Advanced Metal Extractor as you transition off T1 spam.

Phase by phase

TYPICAL OF ITS 2013 GAMES
  1. 1
  2. 2
  3. 3
PLAY THE OPENING

Follow the example game's first 6:00 step by step: what to build now, what comes next, and where it goes. At 1× it keeps pace with your own game.

  1. 1

    Bot Lab first

    Order
    1. Bot LabBot Lab done ~0:21, middle half 0:20–0:33

    Some games also: mex (44%)

  2. 2

    Bot Lab to 5:00

    Economy
    • Metal Extractor5Mex
    • Wind Turbine4Wind
    Builders
    • Construction Bot3 Con bot
    • Lazarus2 Lazarus
    Army
    • Sentry4 Sentry
    • Rocketeer16 Rocketeer
    • Tick2 Tick
    • Centurion1 Centurion
    Other
    • Radar Tower1 Radar Tower

    Some games also: pawn (38%) · con turret (34%)

    By 5:00 in all: 5 mex · 4 wind

    The example game in this phase · 29 steps
    1. Wind
    2. Construction BotCon bot
    3. Mex
    4. SentrySentry
    5. LazarusLazarus
    6. Construction BotCon bot
    7. Mex
    8. SentrySentry
    9. Construction BotCon bot
    10. RocketeerRocketeer ×2
    11. SentrySentry
    12. RocketeerRocketeer
    13. SentrySentry
    14. RocketeerRocketeer
    15. Mex ×2
    16. RocketeerRocketeer
    17. Radar TowerRadar Tower
    18. PawnPawn
    19. SentrySentry
    20. Mex
    21. SentrySentry
    22. LazarusLazarus
    23. SentrySentry
    24. RocketeerRocketeer
    25. Mex
    26. RocketeerRocketeer ×9
    27. Mex
    28. LazarusLazarus
    29. RocketeerRocketeer ×2
  3. 3

    5:00 to 10:00

    Economy
    • Metal Extractor1Mex
    • Wind Turbine15Wind
    Builders
    • Construction Turret2 Con turret
    • Lazarus2 Lazarus
    • Construction Bot1 Con bot
    Army
    • Sentry1 Sentry
    • Rocketeer8 Rocketeer

    Some games also: pawn (49%) · Radar Tower (46%) · tick (45%) · centurion (44%) · energy storage (43%) · eat Bot Lab (31%)

    By 10:00 in all: 6 mex · 21 wind · 1 energy storage · 2 con turret

    The example game in this phase · 130 steps
    1. RocketeerRocketeer ×8
    2. LazarusLazarus
    3. Wind
    4. RocketeerRocketeer
    5. Wind
    6. Advanced Metal ExtractorT2 mexdone 7:40 · typical 9:46
    7. RocketeerRocketeer
    8. Wind ×2
    9. RocketeerRocketeer
    10. Con turret
    11. Radar TowerRadar Tower
    12. SentrySentry
    13. Wind
    14. NettleNettle
    15. Wind
    16. SentrySentry
    17. Wind ×2
    18. SentrySentry
    19. Wind
    20. RocketeerRocketeer
    21. Advanced Metal ExtractorT2 mex
    22. Wind
    23. Construction BotCon bot
    24. Wind ×3
    25. Construction BotCon bot
    26. Wind ×2
    27. Advanced Metal ExtractorT2 mex
    28. Construction BotCon bot
    29. Wind
    30. SentrySentry ×2
    31. Construction BotCon bot
    32. Wind
    33. Construction BotCon bot
    34. Wind ×2
    35. Advanced Metal ExtractorT2 mex
    36. TickTick
    37. Wind
    38. TickTick
    39. SentrySentry
    40. TickTick
    41. Wind
    42. TickTick
    43. SentrySentry
    44. TickTick
    45. Wind
    46. TickTick
    47. Wind
    48. TickTick
    49. Wind
    50. TickTick
    51. Pit BullPit Bull
    52. TickTick
    53. Wind
    54. TickTick
    55. Wind
    56. TickTick ×2
    57. Wind
    58. TickTick
    59. BeamerBeamer
    60. TickTick ×4
    61. Wind
    62. TickTick ×2
    63. BeamerBeamer
    64. TickTick ×2
    65. BeamerBeamer
    66. TickTick ×3
    67. LazarusLazarus
    68. BeamerBeamer
    69. Con turret
    70. LazarusLazarus ×2
    71. BeamerBeamer
    72. RattlesnakeRattlesnakedone 12:08
    73. LazarusLazarus
    74. Dragon's TeethDragon's Teeth
    75. TickTick
    76. Dragon's TeethDragon's Teeth
    77. TickTick
    78. Dragon's TeethDragon's Teeth
    79. TickTick
    80. Metal storage
    81. TickTick ×3
    82. Dragon's TeethDragon's Teeth
    83. TickTick
    84. Dragon's TeethDragon's Teeth
    85. TickTick
    86. Dragon's TeethDragon's Teeth
    87. TickTick ×3
    88. Dragon's TeethDragon's Teeth
    89. TickTick
    90. Dragon's TeethDragon's Teeth ×2
    91. TickTick
    92. Dragon's TeethDragon's Teeth
    93. TickTick ×2
    94. RattlesnakeRattlesnake
    95. TickTick ×3
    96. Dragon's TeethDragon's Teeth
    97. Advanced Metal ExtractorT2 mex
    98. TickTick
    99. Dragon's TeethDragon's Teeth
    100. TickTick
    101. Dragon's TeethDragon's Teeth
    102. TickTick
    103. Dragon's TeethDragon's Teeth
    104. TickTick ×2
    105. Dragon's TeethDragon's Teeth
    106. TickTick
    107. Dragon's TeethDragon's Teeth
    108. TickTick ×2
    109. Dragon's TeethDragon's Teeth ×2
    110. TickTick
    111. Dragon's TeethDragon's Teeth
    112. TickTick
    113. Dragon's TeethDragon's Teeth
    114. TickTick
    115. Dragon's TeethDragon's Teeth
    116. TickTick
    117. Dragon's TeethDragon's Teeth
    118. TickTick ×4
    119. RattlesnakeRattlesnake
    120. TickTick ×3
    121. Con turret
    122. TickTick ×2
    123. Dragon's TeethDragon's Teeth ×3
    124. Construction BotCon bot
    125. Dragon's TeethDragon's Teeth ×9
    126. Construction BotCon bot
    127. Dragon's TeethDragon's Teeth
    128. BeamerBeamer
    129. Advanced Metal ExtractorT2 mex
    130. Construction BotCon bot ×2

Counts are medians over the build's games: half of them build more, half fewer. The example game is NEXUS_VI's (34 OS, 30/09/2026); pick another.

Team trades

IN AT LEAST 30% OF ITS GAMES

You hand over

Nothing regular.

You get

  • Tidal Generator4 Tidal from Pondfirst at 0:10 · in 68% of games
  • Advanced Construction Bot1 T2 con bot from Geo or Techfirst at 7:41 · in 57% of games

How it plays out

Typical game of this build, running totals by minute

Metal produced

010k20k
0:005:0010:0015:00

metal

Enemy metal destroyed

05k10k
0:005:0010:0015:00

metal

Own metal lost

05k10k
0:005:0010:0015:00

metal

2387 games.

Show as table
ByMetal produced: This buildEnemy metal destroyed: This buildOwn metal lost: This build
1:0023000
2:0088700
3:002009184130
4:003110645501
5:00418413561000
6:00534721831708
7:00653930512597
8:00776039383503
9:00904646934376
10:001041853145163
11:001189458575965
12:001360664066686
13:001541268767439
14:001730675038212
15:001929281098997
WHAT THE NUMBERS SAY

Standard Suicide front play wins a bit over half its games while taking the heaviest own losses of any role by 15:00.

  • + Produces 20142 metal by 15:00, highest of the front roles.
  • + First kill by 2:01 in all games, fastest contest of middle.
  • − Own metal lost hits 9178 by 15:00, more than enemy metal destroyed.
  • − Only 34% Rocketeer share shows army spread thin across many bot types.
THE EXAMPLE YOU ARE READING

NEXUS_VI

34.0 OS · 30/09/2026

Open source match ↗

8 received units · includes a constructor
322 metal received · 5079 energy received

Allied construction assistance is unknown. Timings are observations, not a promise of solo reproducibility.

Typical milestones

Bot Lab0:21Middle 50%: 0:20–0:33 · n=2379
Advanced Metal Extractor9:46Middle 50%: 8:50–10:58 · n=1726

Played most by

_X_262games of this buildPlatinumBlonde188games of this buildXad166games of this buildTrapCaT107games of this buildImmort80games of this build